 Dungeon Crawl Stone Soup version 0.31-a0-803-g95b03c3367 (webtiles) character file.

Game seed: 9421065272352043665

5868 Newt the Spear-Bearer (level 10, 0/61 (66) HPs)
             Began as a Merfolk Gladiator on Sept 20, 2023.
             Was a Believer of Hepliaklqana.
             Killed by divine providence
             ... invoked by Jeremiah
              (15 damage)
             ... on level 9 of the Dungeon.
             The game lasted 00:12:16 (8475 turns).

Newt the Spear-Bearer (Merfolk Gladiator)           Turns: 8475, Time: 00:12:17

HP:   0/61 (66)     AC:  8    Str: 19    XL:     10   Next: 81%
MP:   18/18         EV: 15    Int:  8    God:    Hepliaklqana [**....]
Gold: 206           SH:  7    Dex: 15    Spells: 17/20 levels left

rFire   . . .        H - +5 trident
rCold   . . .        o - +2 buckler
rNeg    . . .        z - +0 steam dragon scales
rPois   +            c - +0 helmet
rElec   .            (no cloak)
rCorr   .            (no gloves)
SInv    .            g - +1 pair of boots
Will    .....        (no amulet)
Stlth   +            n - ring of poison resistance
HPRegen 0.30/turn    C - +4 ring of slaying
MPRegen 0.16/turn

%: no passive effects
@: studying Ranged Weapons, drained
A: reduced essence, (nimble swimmer 2), mertail
a: Renounce Religion, Recall Ancestor, Ancestor Identity


You were on level 9 of the Dungeon.
You worshipped Hepliaklqana.
Hepliaklqana was pleased with you.
You visited 2 branches of the dungeon, and saw 10 of its levels.

You collected 534 gold pieces.
You spent 328 gold pieces at shops.

Inventory:

Hand Weapons
 a - a +0 trident
 q - a +2 scythe of venom
 v - a +2 spear of venom
 H - a +5 trident (weapon)
Missiles
 d - 2 throwing nets
 e - a javelin
 k - 14 boomerangs
Armour
 b - a +0 leather armour
 c - a +0 helmet (worn)
 g - a +1 pair of boots (worn)
 h - an orb of light
 o - a +2 buckler (worn)
 t - a +0 kite shield
 u - a +2 ring mail
 z - +0 steam dragon scales (worn)
Jewellery
 l - an amulet of faith
 n - a ring of poison resistance (left hand)
 p - a ring of ice
 C - a +4 ring of slaying (right hand)
Wands
 m - a wand of flame (46)
 D - a wand of polymorph (11)
Scrolls
 y - a scroll of vulnerability
 A - a scroll of fog
 B - a scroll of enchant armour
 F - a scroll of torment
 G - a scroll of identify
Potions
 f - 2 potions of magic
 i - a potion of enlightenment
 j - a potion of brilliance
 r - 2 potions of might
 s - a potion of attraction
 w - a potion of heal wounds
 x - a potion of mutation
 E - 2 potions of curing
 I - a potion of haste


   Skills:
 * Level 5.1 Fighting
 - Level 14.0 Polearms
 - Level 2.0 Throwing
 - Level 7.0 Dodging
 - Level 4.0 Shields
 - Level 5.9 Spellcasting
 - Level 6.5 Summonings


You had 17 spell levels left.
You knew the following spells:

 Your Spells              Type           Power      Damage    Failure   Level
a - Call Canine Familiar  Summ           12%        N/A       6%          3

Your spell library contained the following spells:

 Spells                   Type           Power      Damage    Failure   Level
 Dazzling Flash           Conj/Hex       4%         N/A       65%         3
 Ozocubu's Armour         Ice            2%         N/A       65%         3
 Sigil of Binding         Hex            2%         N/A       65%         3
 Dimensional Bullseye     Hex/Tloc       1%         N/A       96%         4
 Leda's Liquefaction      Hex/Erth       1%         N/A       96%         4
 Agony                    Necr           2%         N/A       100%        5
 Metabolic Englaciation   Hex/Ice        1%         N/A       100%        5
 Silence                  Hex/Air        1%         N/A       100%        5
 Simulacrum               Ice/Necr       1%         N/A       100%        6
 Malign Gateway           Summ/Tloc      3%         N/A       100%        7
 Summon Horrible Things   Summ           6%         N/A       100%        8


Dungeon Overview and Level Annotations

Branches:
Dungeon (9/15)             Temple (1/1) D:4
   Lair: D:8-11         Orc: D:9-12

Altars:
Ashenzari
Cheibriados
Dithmenos
Elyvilon
Fedhas
Gozag
Hepliaklqana
Kikubaaqudgha
Makhleb
Nemelex Xobeh
Qazlal
Ru
Sif Muna
Trog
Uskayaw
Vehumet
Wu Jian
Xom
Yredelemnul
Zin
The Shining One

Shops:
D:4 *   D:7 !

Annotations:
D:8 3 runed translucent doors, Cwest1230's ghost, novice DrBe
D:9 Jeremiah


Innate Abilities, Weirdness & Mutations

Your life essence is reduced to manifest your ancestor. (-10% HP)
((You are very nimble when in or above water. (Stealth+, EV+, Speed+++)))
Your lower body shifts to a powerful aquatic tail in water.


Message History

Reach: H) +5 trident
Press: ? - help, Dir - move target, f/p - Jeremiah
Aim: Jeremiah, wielding a +4 trident of draining, wearing a +1 robe of willpower and wearing an orb of energy (severely wounded, ally target, about 31% to evade your +5 trident)
The butterfly is in the way.
You puncture the butterfly!
You kill the butterfly!
The butterfly disappears in a burst of colours!
Jeremiah hops!
Throw: javelin
Press: ? - help, Shift-Dir - straight line, f/p - Jeremiah
Aim: Jeremiah, wielding a +4 trident of draining, wearing a +1 robe of willpower and wearing an orb of energy (severely wounded, ally target, 58% to hit)
Okay, then.
Unknown command.
Unknown command.
Jeremiah hops!
Okay, then.
Reach: H) +5 trident
Press: ? - help, Dir - move target, f/p - Jeremiah
Aim: Jeremiah, wielding a +4 trident of draining, wearing a +1 robe of willpower and wearing an orb of energy (severely wounded, ally target, about 31% to evade your +5 trident)
You reach to attack!
You puncture Jeremiah!
Jeremiah is almost dead.
Unknown command.
Reach: H) +5 trident
Press: ? - help, Dir - move target, f/p - Jeremiah
Aim: Jeremiah, wielding a +4 trident of draining, wearing a +1 robe of willpower and wearing an orb of energy (almost dead, ally target, about 31% to evade your +5 trident)
The butterfly is in the way.
You miss the butterfly.
Jeremiah hits you from afar with a +4 trident of draining!
* * * LOW HITPOINT WARNING * * *
You feel drained.
* * * LOW HITPOINT WARNING * * *
Unknown command.
Unknown command.
Reach: H) +5 trident
Press: ? - help, Dir - move target, f/p - Jeremiah
Aim: Jeremiah, wielding a +4 trident of draining, wearing a +1 robe of willpower and wearing an orb of energy (almost dead, ally target, about 31% to evade your +5 trident)
You reach to attack!
You closely miss Jeremiah.
Jeremiah is almost dead.
Jeremiah throws their arms up pleadingly.
Something smites you!
You die...
Jeremiah wails, "I didn't mean to kill anyone!
I'm not a murderer!"

#############
###.........R.##
........####.##
#...>........##
#..####.###.... #
#..# #.# #.###
###b####b.####.#
#.# #
#.bbb@Rh.b.....#
#.# #
#.#F####)b###..#
#.# # # #.####..#
#.# .
#)..>........ .
#.....)..........#
.
#.####.#####.###.#
#.# #.# # ... ..#
#.#


You could see the friendly Centenhua the knight, Jeremiah (ally target) and a
friendly hound (summoned).

Vanquished Creatures
  A troll (D:6)
  A hornet (D:9)
  The ghost of Age the Shield-Bearer, an amateur MiFi (D:6)
  Sigmund (D:5)
  6 yaks (D:8)
  Eustachio (D:6)
  An ice beast (D:8)
  2 orc warriors (D:9)
  A sky beast (D:8)
  3 black bears
  An ogre (D:4)
  2 centaurs (D:8)
  Blork the orc (D:5)
  3 bullfrogs
  3 gnoll sergeants (D:6)
  3 scorpions
  4 wights (D:8)
  13 killer bees
  4 hounds
  2 gnoll boudas
  5 orc priests
  4 jellies
  2 sleepcaps (D:5)
  10 orc wizards
  5 iguanas
  11 gnolls
  7 adders
  A shadow imp (D:7)
  A white imp (D:7)
  An ufetubus (D:5)
  A worm (D:2)
  3 dart slugs
  39 orcs
  7 bats
  6 endoplasms
  6 giant cockroaches
  7 goblins
  13 hobgoblins
  5 quokkas
  9 ball pythons
  3 frilled lizards
  15 kobolds
  6 rats
221 creatures vanquished.

Vanquished Creatures (collateral kills)
  An ice beast (D:6)
  An ogre (D:5)
  A kobold brigand (D:8)
  A gnoll sergeant (D:7)
  A wight (D:8)
  2 killer bees (D:8)
  2 sleepcaps
  An iguana (D:6)
  3 gnolls
  2 orcs (D:9)
  A kobold (D:8)
16 creatures vanquished.

Vanquished Creatures (others)
  2 knights (D:8)
  4 ancestors
6 creatures vanquished.

Grand Total: 243 creatures vanquished

Notes
Turn   | Place    | Note
-------+----------+-------------------------------------------
     0 | D:1      | Newt the Merfolk Gladiator began the quest for the Orb.
     0 | D:1      | Reached XP level 1. HP: 16/16 MP: 1/1
   178 | D:1      | Reached XP level 2. HP: 22/22 MP: 2/2
   262 | D:1      | Reached skill level 5 in Polearms
   507 | D:1      | Reached XP level 3. HP: 26/27 MP: 3/3
   860 | D:2      | Found a shimmering altar of Xom.
   917 | D:2      | Reached skill level 6 in Polearms
  1021 | D:2      | Reached XP level 4. HP: 33/33 MP: 4/4
  1788 | D:3      | Reached skill level 7 in Polearms
  1788 | D:3      | Reached XP level 5. HP: 7/38 MP: 5/5
  2185 | D:3      | Reached skill level 8 in Polearms
  2358 | D:3      | Reached XP level 6. HP: 42/44 MP: 6/6
  3062 | D:4      | Reached skill level 9 in Polearms
  3087 | D:4      | Noticed a black bear
  3097 | D:4      | Killed a black bear
  3213 | D:4      | Reached skill level 10 in Polearms
  3213 | D:4      | Reached XP level 7. HP: 42/51 MP: 7/7
  3419 | D:4      | Found an opulent altar of Gozag.
  3466 | D:4      | Found a staircase to the Ecumenical Temple.
  3495 | D:4      | Found Craiplo's Commerce Corner.
  3517 | Temple   | Entered the Ecumenical Temple
  3521 | Temple   | Became a worshipper of Hepliaklqana the Forgotten
  3553 | D:4      | Bought a potion of curing for 42 gold pieces
  3595 | D:4      | You fall into a shaft and drop 2 floors!
  3643 | D:6      | Noticed Eustachio
  3658 | D:5      | Entered Level 5 of the Dungeon
  3811 | D:5      | Reached skill level 5 in Fighting
  3918 | D:4      | Found a white marble altar of Elyvilon.
  4115 | D:4      | Found a stormy altar of Qazlal.
  4243 | D:5      | Reached skill level 5 in Dodging
  4255 | D:5      | Found a shimmering altar of Xom.
  4272 | D:5      | Noticed Sigmund
  4278 | D:5      | Killed Sigmund
  4279 | D:5      | Reached XP level 8. HP: 52/62 MP: 8/8
  4338 | D:5      | Noticed Blork the orc
  4347 | D:5      | Killed Blork the orc
  4348 | D:5      | Reached skill level 1 in Summonings
  4406 | D:5      | Reached * piety under Hepliaklqana
  4422 | D:5      | Reached skill level 1 in Spellcasting
  4488 | D:5      | Found a sacrificial altar of Ru.
  5101 | D:6      | Killed Eustachio
  5102 | D:6      | Reached XP level 9. HP: 61/61 MP: 12/14
  5226 | D:6      | Found a transporter.
  5226 | D:6      | Found a transporter.
  5237 | D:6      | Noticed Age's ghost (amateur MiFi)
  5280 | D:6      | Learned a level 3 spell: Call Canine Familiar
  5547 | D:6      | Reached skill level 5 in Summonings
  5575 | D:6      | Killed Age's ghost
  5576 | D:6      | Reached skill level 5 in Spellcasting
  5587 | D:6      | HP: 1/61 [gnoll/puff of flame (8)]
  5596 | D:6      | HP: 1/61 [gnoll sergeant/+0 trident (10)]
  5899 | D:7      | Noticed a troll
  5914 | D:6      | Killed a troll
  6468 | D:7      | Found Depp's Distillery.
  6510 | D:7      | Bought a potion of enlightenment for 65 gold pieces
  6510 | D:7      | Bought a potion of might for 52 gold pieces
  6510 | D:7      | Bought a potion of heal wounds for 65 gold pieces
  6510 | D:7      | Bought a potion of mutation for 104 gold pieces
  6774 | D:7      | Reached skill level 1 in Shields
  6971 | D:7      | Found a shimmering blue altar of Sif Muna.
  7083 | D:8      | Reached XP level 10. HP: 66/66 MP: 18/18
  7127 | D:8      | Reached ** piety under Hepliaklqana
  7128 | D:8      | Remembered your ancestor Centenhua as a knight
  7177 | D:8      | Reached skill level 11 in Polearms
  7366 | D:8      | Reached skill level 12 in Polearms
  7411 | D:8      | Found a runed translucent gate.
  7411 | D:8      | Found a runed translucent gate.
  7411 | D:8      | Found a runed translucent gate.
  7412 | D:8      | Noticed Cwest1230's ghost (novice DrBe)
  7752 | D:8      | Reached skill level 13 in Polearms
  8410 | D:9      | Noticed Jeremiah
  8446 | D:9      | Reached skill level 14 in Polearms
  8475 | D:9      | Killed from afar by Jeremiah

Illustrated notes

Levels and vault maps discovered:
D:1:      dpeg_arrival_prison, layout_loops_ring, minmay_pentomino_p2
D:2:      layout_basic, basic_altar, minmay_box_of_dots
D:3:      layout_basic, serial_co_window_serial, co_window_paths_a,
          co_window_paths_a, co_window_paths_b, co_window_cross_1,
          co_window_corner_a, co_window_paths_b, co_window_paths_b,
          co_window_of_opportunity_b, co_window_corner_cb, co_window_2corner,
          glass_columns_c, glass_columns_b
D:4:      layout_cave_pools, mainiacjoe_overflow_catch_the_wave,
          nicolae_gozag_seed_capital, temple_doors_e, nicolae_alphabet_shops,
          columned_hall_lemuel
D:5:      layout_cave_pools, mainiacjoe_overflow_chevrons,
          nicolae_ru_great_annihilating_truth, uniq_blork_the_orc, uniq_sigmund
D:6:      layout_rooms, gammafunk_ghost_gnarly_gnolls, uniq_eustachio
D:7:      layout_rooms, led_sif_pool, serial_shops, shop
D:8:      layout_rooms, serial_glass, glass_columns_a, glass_columns_b,
          item_on_display_b, gammafunk_ghost_nasty_kobolds, st_stairs_10
D:9:      layout_loops_ring, hiddenorc2_lemuel, biasface_ghost_orc_armoury,
          serial_ice, serial_ice_j, serial_ice_m, serial_ice_n, serial_ice_h,
          minmay_misc_feat_chi, uniq_jeremiah
Temple:   hellmonk_temple_two_chambers

Skill      XL: |  1  2  3  4  5  6  7  8  9 10 |
---------------+-------------------------------+-----
Polearms       | 5 6 7 8 10 14 | 14.0
Fighting       | 5 |  5.1
Dodging        | 6 7 |  7.0
Summonings     | 4 6 |  6.5
Spellcasting   | 3 5 |  5.9
Shields        | 3 4 |  4.0
Throwing       | |  2.0

Action                     |  1- 3 |  4- 6 |  7- 9 | 10-12 || total
---------------------------+-------+-------+-------+-------++-------
  Melee: Trident           |   111 |   173 |   130 |    86 ||   500
         Punch             |       |     1 |       |       ||     1
         Halberd           |       |       |   105 |       ||   105
         Spear             |       |       |    80 |   154 ||   234
         Tailslap          |       |       |       |     2 ||     2
  Throw: Throwing net      |       |       |     2 |       ||     2
         Boomerang         |       |       |     2 |       ||     2
         Javelin           |       |       |     1 |       ||     1
   Cast: Call Canine Famil |       |       |     9 |     4 ||    13
 Invoke: Recall Ancestor   |       |       |     1 |       ||     1
         Ancestor Life: Kn |       |       |       |     1 ||     1
    Use: Scroll            |       |     6 |    10 |     1 ||    17
         Potion            |       |       |     6 |       ||     6
   Stab: Sleeping          |     3 |     1 |     3 |       ||     7
         Invisible         |       |       |     3 |       ||     3
 Armour: Leather armour    |    37 |    74 |   135 |       ||   246
         Steam dragon scal |       |       |    11 |    25 ||    36
  Dodge: Dodged            |    48 |    82 |   149 |    35 ||   314
  Block: Buckler           |       |       |    11 |    15 ||    26

Table legend: (Time is in decaauts)
 A = Elapsed time spent in this place.
 B = Non-inter-level travel time spent in this place.
 C = Inter-level travel time spent in this place.
 D = Time resting spent in this place.
 E = Time spent auto-exploring this place.
 F = Levels seen in this place.
 G = Mean time per level.
                   A        B        C        D        E       F      G
               +--------+--------+--------+--------+--------+-----+--------+
         Total |   8300 |   7702 |    598 |   1753 |   4554 |  10 |  830.0 |
       Dungeon |   8291 |   7698 |    593 |   1753 |   4554 |   9 |  921.2 |
        Temple |      8 |      4 |      4 |      0 |      0 |   1 |    8.0 |
               +--------+--------+--------+--------+--------+-----+--------+

Top non-repeatable levels by time:
     D:3: 1550 daAuts
     D:6: 1352 daAuts
     D:5: 1072 daAuts
     D:4: 996 daAuts
     D:8: 875 daAuts
     D:2: 765 daAuts
     D:1: 713 daAuts
     D:7: 685 daAuts
     D:9: 278 daAuts
  Temple: 8 daAuts
